 Dungeon Sprint DCSS version 0.23-a0-681-g26ad783 (webtiles) character file.

37 Lanoc the Slasher (level 3, 0/30 HPs)
             Began as a Demonspawn Monk on Jan 10, 2019.
             Slain by an adder (3 damage)
             ... in the Dungeon (Sprint IX: "|||||||||||||||||||||||||||||").
             The game lasted 00:01:15 (77 turns).

Lanoc the Slasher (Demonspawn Monk)                   Turns: 77, Time: 00:01:16

Health: 0/30       AC:  3    Str: 12    XL:     3   Next: 21%
Magic:  3/3        EV: 14    Int: 11    God:
Gold:   0          SH:  0    Dex: 15    Spells: 2/2 levels left

rFire    . . .     SeeInvis .   a - +0 falchion
rCold    . . .     Gourm    .   (no shield)
rNeg     . . .     Faith    .   b - +0 robe
rPois    .         Spirit   .   (helmet restricted)
rElec    .         Reflect  .   (no cloak)
rCorr    .         Harm     .   (no gloves)
MR       .....     NoTele   +   (no boots)
Stlth    ++........             (no amulet)
HPRegen  0.10/turn              (no ring)
MPRegen  0.08/turn              (no ring)

@: lethally poisoned (0 -> -2)
A: antennae 1, rugged brown scales 1
a: no special abilities


You were in the Dungeon.
You were not hungry.

You visited 1 branch

Inventory:

Hand Weapons
 a - a +0 falchion (weapon)
Armour
 b - a +0 robe (worn)
Scrolls
 i - a scroll of blinking
Potions
 d - a potion of curing
 f - a potion of haste
 g - 2 potions of magic
 h - a potion of berserk rage
Comestibles
 c - a ration
 j - 2 chunks of flesh


   Skills:
 + Level 4.1 Fighting
 * Level 4.6 Long Blades
 + Level 2.3 Armour
 + Level 3.7 Dodging
 - Level 1.7 Stealth


You had 2 spell levels left.
You didn't know any spells.
Your spell library was empty.

Dungeon Overview and Level Annotations

Branches:
Dungeon (1/1)

Altars:


Innate Abilities, Weirdness & Mutations

You have a pair of small antennae on your head.
You are partially covered in rugged brown scales. (AC +1, +3% HP)


Message History

The giant cockroach zombie completely misses you.
You riposte.
You hit the giant cockroach zombie.
You destroy the giant cockroach zombie!
You barely miss the adder. The adder bites you. x2
* * * LOW HITPOINT WARNING * * *
You are poisoned.
The adder poisons you!
You miss the adder.
You feel sick. The adder misses you.
You hit the adder.
The adder is heavily wounded.
The adder completely misses you. The adder bites you.
* * * LOW HITPOINT WARNING * * *
You hit the adder.
The adder is severely wounded.
You feel sick. The adder bites you.
* * * LOW HITPOINT WARNING * * *
You barely miss the adder.
The adder is severely wounded.
The adder bites you but does no damage. The adder bites you.
You die...

▓+▓
▓.▓
▓.▓
▓.▓
▓Z▓
▓S▓
▓@▓
▓.▓
▓.▓
▓.▓
▓.▓
▓÷▓
▓)▓
▓.▓
▓.▓


You could see an adder and a giant cockroach zombie.

Vanquished Creatures
  An orc wizard (D)
  An orc (D)
  A giant cockroach (D)
  A goblin (D)
  A bat (D)
  A giant cockroach zombie (D)
  A kobold (D)
  A rat (D)
8 creatures vanquished.

Notes
Turn   | Place    | Note
-------+----------+-------------------------------------------
     0 | D        | Lanoc the Demonspawn Monk began the quest for the Orb.
     0 | D        | Reached XP level 1. HP: 18/18 MP: 1/1
    16 | D        | Reached skill level 1 in Armour
    48 | D        | Noticed an orc wizard
    66 | D        | Killed an orc wizard
    66 | D        | Gained mutation: You have a pair of small antennae on your
                  | head. [demonic ancestry]
    66 | D        | Reached XP level 2. HP: 11/25 MP: 2/2
    66 | D        | Gained mutation: You are partially covered in rugged brown
                  | scales. (AC +1, +3% HP) [demonic ancestry]
    66 | D        | Reached XP level 3. HP: 11/30 MP: 3/3
    77 | D        | Slain by an adder

Vault maps used:
D:        linesprint

Skill      XL: |  1 |
---------------+----+-----
Long Blades    | 4 |  4.6
Armour         | 2 |  2.3
Dodging        | 3 |  3.7
Fighting       | 4 |  4.1
Stealth        | |  1.7

Action                   || total
-------------------------++-------
Melee: Falchion          ||    42
  Use: Potion            ||     1
Armor: Robe              ||     7
Dodge: Dodged            ||    18
       Rpst.: Falchion   ||     8

Table legend:
 A = Non-vault XP
 B = Vault XP
 C = Vault XP percentage of total XP
 D = Non-vault monster count
 E = Vault monster count
 F = Vault count percentage of total count
                 A         B        C        D         E       F
            +---------+---------+-------+---------+---------+-------
      Total |       0 |      53 | 100.0 |       0 |       8 | 100.0
            +---------+---------+-------+---------+---------+-------
          D |       0 |      53 | 100.0 |       0 |       8 | 100.0
            +---------+---------+-------+---------+---------+-------
